AoeStats
← Soracha(o'-')o

Arena

510517875Analyzed
4v4 RM · 2d ago on Oct 1, 2026· 37m 48s· 8 players
Game mode
Random Map
Map size
Large (8 player)
Population
200
Speed
Normal
Resources
Standard
Victory
Conquest
Starting age
Dark Age
Ending age
Imperial Age
RankedLock teamsTeams togetherTeam positionsShared explorationLock speedFull tech treeHidden civsTurbo modeCheats
Victory
Defeat
🇯🇵 Gurjaras · Japan
1067
+14
🇨🇳 Huns · China
1056
+14
🇨🇳 Franks · China
1047
+14
🇹🇼 Romans · Taiwan
983
+18
🇦🇹 Spanish · Austria
1018
-15
🇫🇷 Franks · France
1016
-15
🇨🇳 Mongols · China
1013
-15
🇪🇸 Vietnamese · Spain
1006
-15
BillyBat
9:34 Feudal Age
11:10 Wheelbarrow
15:49 Castle Age
15:04 Loom
15:09 Double-Bit Axe
16:28 Stone Mining
19:37 Forging
19:28 Scale Mail Armor
19:42 Bow Saw
26:16 Hand Cart
32:22 Imperial Age
29:51 Gold Mining
31:28 Scale Barding Armor
31:59 Iron Casting
33:19 Chain Barding Armor
33:07 Cavalier
Ubric21
10:51 Feudal Age
15:53 Castle Age
13:44 Double-Bit Axe
13:42 Horse Collar
16:19 Wheelbarrow
17:23 Heavy Plow
17:40 Bow Saw
21:50 Hand Cart
21:30 Loom
22:23 Gold Mining
22:24 Stone Mining
22:23 Town Watch
25:20 Stone Shaft Mining
25:47 Fletching
25:58 Padded Archer Armor
26:24 Scale Mail Armor
26:35 Forging
26:31 Bodkin Arrow
29:26 Imperial Age
28:46 Chain Mail Armor
28:47 Leather Archer Armor
28:22 Arson
28:38 Squires
30:47 Iron Casting
30:43 Plate Mail Armor
31:32 Bracer
32:03 Ring Archer Armor
32:14 Iron Casting
32:09 Plate Mail Armor
31:54 Elite Fire Lancer
32:16 Elite Rattan Archer
33:22 Paper Money
33:31 Ballistics
34:12 Chemistry
33:10 Murder Holes
32:56 Treadmill Crane
33:26 Masonry
33:26 Siege Engineers
DDVICTORY
10:50 Feudal Age
12:07 Wheelbarrow
12:21 Loom
14:57 Castle Age
13:04 Double-Bit Axe
17:24 Horse Collar
18:37 Bow Saw
22:38 Stone Mining
24:04 Hand Cart
24:55 Stone Shaft Mining
27:38 Gold Mining
30:59 Imperial Age
29:58 Heavy Plow
31:54 Ballistics
32:36 Gold Shaft Mining
32:19 Bloodlines
32:10 Husbandry
32:20 Thumb Ring
32:54 Fletching
33:32 Elite Mangudai
35:35 Bodkin Arrow
35:46 Scale Barding Armor
36:45 Chemistry
36:22 Conscription
36:53 Parthian Tactics
37:16 Conscription
37:06 Bracer
37:27 Chain Barding Armor
wohja182
8:00 Loom
10:35 Feudal Age
14:54 Castle Age
13:17 Double-Bit Axe
16:09 Horse Collar
28:26 Gold Mining
29:57 Wheelbarrow
30:49 Bow Saw
31:04 Padded Archer Armor
31:36 Heavy Plow
35:52 Imperial Age
35:20 Ballistics
35:50 Leather Archer Armor
35:46 Murder Holes
35:49 Fletching
36:16 Hand Cart
36:18 Elite Conquistador
37:30 Pikeman
38:14 Scale Mail Armor
38:45 Ring Archer Armor
deankuo
11:38 Feudal Age
15:25 Castle Age
13:15 Double-Bit Axe
13:52 Horse Collar
16:43 Bow Saw
16:37 Heavy Plow
22:35 Loom
26:37 Scale Barding Armor
29:00 Bloodlines
33:11 Man-at-Arms
33:51 Squires
34:44 Long Swordsman
36:31 Wheelbarrow
38:56 Imperial Age
36:46 Gold Mining
36:47 Stone Mining
Soracha(o'-')o
10:31 Feudal Age
8:47 Loom
11:20 Gold Mining
11:17 Double-Bit Axe
13:34 Town Watch
15:56 Castle Age
14:26 Horse Collar
17:37 Heavy Plow
19:01 Wheelbarrow
20:59 Bloodlines
20:51 Husbandry
22:53 Stone Mining
25:34 Scale Barding Armor
26:53 Chain Barding Armor
27:51 Fortified Wall
28:05 Ballistics
29:27 Bow Saw
29:42 Fletching
30:20 Masonry
32:31 Gold Shaft Mining
32:16 Hand Cart
33:22 Murder Holes
34:09 Kshatriyas
34:20 Forging
37:33 Imperial Age
37:04 Iron Casting
38:43 Conscription
37:47 Elite Chakram Thrower
改革春风吹满地
10:26 Feudal Age
14:16 Castle Age
12:51 Double-Bit Axe
22:58 Wheelbarrow
23:19 Bow Saw
23:22 Gold Mining
25:52 Hand Cart
27:25 Gold Shaft Mining
30:39 Imperial Age
28:59 Scale Barding Armor
28:57 Stone Mining
29:25 Husbandry
29:40 Town Watch
30:35 Chain Barding Armor
31:44 Chivalry
32:04 Conscription
31:09 Cavalier
32:04 Forging
32:24 Paladin
33:49 Siege Engineers
33:54 Masonry
34:22 Plate Barding Armor
34:24 Iron Casting
33:58 Loom
38:40 Blast Furnace
38:22 Architecture
38:13 Ballistics
38:54 Chemistry
趣味鸡动哥
12:01 Feudal Age
12:55 Double-Bit Axe
12:52 Horse Collar
15:52 Castle Age
16:59 Bow Saw
16:50 Heavy Plow
17:54 Wheelbarrow
24:04 Stone Mining
24:07 Gold Mining
24:43 Hand Cart
26:08 Gold Shaft Mining
29:32 Imperial Age
26:48 Loom
26:48 Town Watch
27:59 Scale Barding Armor
28:05 Forging
29:13 Chain Barding Armor
29:29 Iron Casting
29:02 Husbandry
29:12 Bloodlines
29:19 Marauders
29:35 Elite Tarkan
30:36 Conscription
30:53 Plate Barding Armor
32:35 Two-Man Saw
33:09 Blast Furnace
32:03 Fletching
33:08 Bodkin Arrow
33:13 Padded Archer Armor
Connection lost

Rejoining the realm…

Still unreachable

The connection could not be restored.

Session expired

The server has moved on; the page needs a fresh start.